 Dungeon Crawl Stone Soup version 0.32-a0-39-g5c88369fb2 (webtiles) character file.

Game seed: 17818451168142298020

15 Colgate the Gusty (level 2, -2/4 (13) HPs)
             Began as a Vine Stalker Air Elementalist on Feb 5, 2024.
             Slain by a quokka (4 damage)
             ... on level 1 of the Dungeon.
             The game lasted 00:01:19 (337 turns).

Colgate the Gusty (Vine Stalker Air Elementalist)    Turns: 337, Time: 00:01:19

HP:   -2/4 (13)     AC:  2    Str: 10    XL:     2   Next: 50%
MP:   0/6           EV: 12    Int: 15    God:
Gold: 14            SH:  0    Dex: 14    Spells: 4/5 levels left

rFire   . . .        a - +0 short sword
rCold   . . .        (no shield)
rNeg    . . .        c - +0 robe
rPois   .            (no helmet)
rElec   .            (no cloak)
rCorr   .            (no gloves)
SInv    .            (no boots)
Will    .....        (no amulet)
Stlth   ++           (no ring)
HPRegen 1.00/turn    (no ring)
MPRegen 0.10/turn

%: guardian spirit
@: extremely drained
A: fangs 2, regeneration 1, magic shield, antimagic bite, no potion heal 2
a: no special abilities


You were on level 1 of the Dungeon.
You visited 1 branch of the dungeon, and saw 1 of its levels.

You collected 14 gold pieces.

Inventory:

Hand Weapons
 a - a +0 short sword (weapon)
Armour
 c - a +0 robe (worn)
Scrolls
 d - a scroll of enchant weapon {unknown}
 e - a scroll of identify {unknown}
Potions
 b - a potion of magic


   Skills:
 + Level 1.9 Short Blades
 - Level 1.5 Dodging
 - Level 2.4 Stealth
 - Level 2.1 Spellcasting
 - Level 1.0 Conjurations
 - Level 3.0 Air Magic


You had 4 spell levels left.
You knew the following spells:

 Your Spells              Type           Power      Damage    Failure   Level
a - Shock                 Conj/Air       28%        1d4       10%         1

Your spell library contained the following spells:

 Spells                   Type           Power      Damage    Failure   Level
 Static Discharge         Conj/Air       14%        3-4/arc   14%         2
 Swiftness                Air            10%        N/A       19%         3
 Ensorcelled Hibernation  Hex/Ice        2%         N/A       32%         2
 Passwall                 Erth           1%         N/A       54%         3
 Airstrike                Air            5%         2d(1-17)  54%         4


Dungeon Overview and Level Annotations

Branches:
Dungeon (1/15)

Altars:


Innate Abilities, Weirdness & Mutations

You have extremely sharp teeth.
Your natural rate of healing is unusually fast.
When hurt, damage is shared between your health and your magic reserves.
Your bite disrupts and absorbs the magic of your enemies.
Potions cannot restore your health.


Message History

You feel drained.
There are monsters nearby!
You hit the goblin but do no damage. The quokka misses you.
There are monsters nearby!
You hit the goblin but do no damage.
The goblin hits you with a +1 dagger of draining.
You feel drained. The quokka closely misses you.
There are monsters nearby!
The goblin attacks as it pursues you! The goblin hits you but does no damage.
You feel drained.
You closely miss the goblin. The goblin hits you but does no damage.
You feel drained.
You hit the goblin.
The goblin hits you with a +1 dagger of draining.
You feel drained.
You hit the goblin. Your bite misses the goblin.
The goblin hits you with a +1 dagger of draining.
You feel drained.
You closely miss the goblin. The goblin hits you but does no damage.
You feel drained.
You barely miss the goblin. Your bite misses the goblin.
The goblin hits you with a +1 dagger of draining.
You feel drained.
You closely miss the goblin. You bite the goblin. You drain its power.
You feel invigorated. The goblin closely misses you.
You closely miss the goblin. You bite the goblin.
You kill the goblin!
The quokka bites you but does no damage.
You hit the quokka but do no damage. Your bite misses the quokka.
The quokka twitches its whiskers.
The quokka closely misses you.
You hit the quokka. Your bite misses the quokka. The quokka bites you.
Ouch! That really hurt!
You hit the quokka but do no damage. The quokka bites you.
Ouch! That really hurt!
* * * LOW HITPOINT WARNING * * *
You hit the quokka but do no damage. Your bite misses the quokka.
The quokka bites you.
Ouch! That really hurt!
You die...

.............. .. ..
............. .##.#
...#......# ...#
..##......# #. ##..###
#.#.......# #.# #.....#
...>..#...# #.#
##.###..... .#....##..#
#.# #..#### ###
##..#.##.†###.####.....#
#....##........@rS....#
#...###.......###.....#
...## ##.......##.....#.
#.### ###...#..†.......#
#. #)..#.##.....### ..
##...#......>.#
#...#####.....# ####
##...# ####.... #..#
##...## #####


You could see a quokka and a ball python.

Vanquished Creatures
  A dart slug (D:1)
  3 bats (D:1)
  A goblin (D:1)
  3 hobgoblins (D:1)
  A ball python (D:1)
  4 kobolds (D:1)
13 creatures vanquished.

Notes
Turn   | Place    | Note
-------+----------+-------------------------------------------
     0 | D:1      | Colgate the Vine Stalker Air Elementalist began the quest
                  | for the Orb.
     0 | D:1      | Reached XP level 1. HP: 9/9 MP: 4/4
    85 | D:1      | Reached skill level 1 in Short Blades
    86 | D:1      | Found a faded altar of an unknown god.
   104 | D:1      | Reached XP level 2. HP: 13/13 MP: 0/6
   337 | D:1      | Slain by a quokka

Illustrated notes

Levels and vault maps discovered:
D:1:      heliophobic_arrival_battle_scene, layout_rooms, serial_curves,
          eino_curves_02, eino_curves_02, basic_ecumenical_altar

Skill      XL: |  1 |
---------------+----+-----
Short Blades   | 1 |  1.9
Dodging        | |  1.5
Stealth        | |  2.4
Spellcasting   | |  2.1
Conjurations   | |  1.0
Air Magic      | |  3.0

Action                     || total
---------------------------++-------
  Melee: Short sword       ||    59
         Unarmed           ||    13
         Bite              ||    20
         Punch             ||     2
 Armour: Robe              ||    50
  Dodge: Dodged            ||    56

Table legend: (Time is in decaauts)
 A = Elapsed time spent in this place.
 B = Non-inter-level travel time spent in this place.
 C = Inter-level travel time spent in this place.
 D = Time resting spent in this place.
 E = Time spent auto-exploring this place.
 F = Levels seen in this place.
 G = Mean time per level.
                   A        B        C        D        E       F      G
               +--------+--------+--------+--------+--------+-----+--------+
         Total |    331 |    331 |      0 |      0 |    208 |   1 |  331.0 |
       Dungeon |    331 |    331 |      0 |      0 |    208 |   1 |  331.0 |
               +--------+--------+--------+--------+--------+-----+--------+

Top non-repeatable levels by time:
     D:1: 331 daAuts
